AoeStats
← undercat

Arabia

508876788Analyzed
1v1 RM · 7d ago on Sep 24, 2026· 50m 36s· 2 players
Game mode
Random Map
Map size
Tiny (2 player)
Population
200
Speed
Normal
Resources
Standard
Victory
Conquest
Starting age
Dark Age
Ending age
Imperial Age
RankedLock teamsTeams togetherTeam positionsShared explorationLock speedFull tech treeHidden civsTurbo modeCheats
Victory
Defeat
🇧🇴 Vikings · Bolivia
930
+18
🇹🇼 Gurjaras · Taiwan
965
-18
Daniel
2:50 Loom
13:13 Feudal Age
17:53 Castle Age
16:51 Double-Bit Axe
18:54 Man-at-Arms
20:46 Scale Mail Armor
20:32 Horse Collar
21:43 Chain Mail Armor
21:09 Long Swordsman
22:46 Heavy Plow
25:14 Squires
25:00 Arson
26:11 Bow Saw
25:54 Gold Mining
32:41 Fervor
37:04 Imperial Age
36:04 Gold Shaft Mining
37:05 Two-Handed Swordsman
38:12 Conscription
38:34 Plate Mail Armor
39:06 Champion
40:03 Forging
43:42 Iron Casting
45:57 Blast Furnace
48:57 Two-Man Saw
undercat
7:32 Loom
9:46 Feudal Age
9:45 Loom
10:14 Double-Bit Axe
11:02 Man-at-Arms
12:36 Horse Collar
19:45 Castle Age
19:02 Fletching
19:53 Bloodlines
20:34 Husbandry
21:00 Crossbowman
22:32 Bodkin Arrow
23:39 Padded Archer Armor
27:17 Ballistics
30:03 Thumb Ring
34:53 Imperial Age
34:51 Leather Archer Armor
34:58 Elite Skirmisher
35:44 Bracer
35:46 Town Watch
38:02 Chemistry
39:01 Forging
41:56 Iron Casting
44:22 Gold Mining
Connection lost

Rejoining the realm…

Still unreachable

The connection could not be restored.

Session expired

The server has moved on; the page needs a fresh start.